 Dungeon Crawl Stone Soup version 0.19.1 (webtiles) character file.

98 Lochraine the Skirmisher (level 4, -3/41 HPs)
             Began as a Hill Orc Fighter on Nov 24, 2016.
             Was an Initiate of Beogh.
             Slain by an ice beast (5 damage)
             ... on level 3 of the Dungeon.
             The game lasted 00:04:47 (1876 turns).

Lochraine the Skirmisher (Hill Orc Fighter)         Turns: 1876, Time: 00:04:48

Health: -3/41      AC:  7    Str: 23    XL:     4   Next: 69%
Magic:  4/4        EV:  7    Int:  8    God:    Beogh [......]
Gold:   56         SH:  9    Dex: 11    Spells: 0 memorised, 3 levels left

rFire  . . .     SeeInvis .     a - +0 war axe
rCold  . . .     Gourm    .     b - +0 scale mail
rNeg   . . .     Faith    .     c - +0 shield
rPois  .         Spirit   .     (no helmet)
rElec  .         Reflect  .     (no cloak)
rCorr  .         Harm     .     (no gloves)
MR     .....                    (no boots)
Stlth  ..........               (no amulet)
                                (no ring)
                                (no ring)

@: mighty
A: no striking features
a: Renounce Religion


You were on level 3 of the Dungeon.
You worshipped Beogh.
Beogh was noncommittal.
You were not hungry.

You visited 1 branch of the dungeon, and saw 3 of its levels.

You collected 56 gold pieces.

Inventory:

Hand Weapons
 a - a +0 war axe (weapon)
Armour
 b - a +0 scale mail (worn)
 c - a +0 shield (worn)
Wands
 l - a wand of random effects (15/48)
Scrolls
 g - a scroll of blinking {unknown}
 j - a scroll of enchant armour {unknown}
 m - a scroll of fog {unknown}
 p - 2 scrolls of remove curse {unknown}
 q - a scroll of identify {unknown}
Potions
 e - 2 potions of heal wounds {unknown}
 i - a potion of ambrosia {unknown}
 n - 2 potions of curing {unknown}
Books
 o - a book of Minor Magic

   Spells                             Type                      Level
   a - Magic Dart                     Conjuration                  1
   b - Blink                          Translocation                2
   c - Call Imp                       Summoning                    2
   d - Repel Missiles                 Charms/Air                   2
   e - Slow                           Hexes                        2
   f - Conjure Flame                  Conjuration/Fire             3
   g - Mephitic Cloud                 Conjuration/Poison/Air       3
Comestibles
 f - 3 bread rations
 h - 2 meat rations
 k - 2 chunks of flesh


   Skills:
 + Level 4.9 Fighting
 + Level 4.2 Axes
 + Level 4.1 Armour
 - Level 3.2 Shields


You had 3 spell levels left.
You didn't know any spells.

Dungeon Overview and Level Annotations

Branches:
Dungeon (3/15)

Altars:
Kikubaaqudgha
Trog


Message History

The ice beast barely misses you. The ice beast hits you.
The ice beast freezes you!
You barely miss the ice beast.
The ice beast is severely wounded.
The ice beast hits you but does no damage.
You completely miss the ice beast.
The ice beast is severely wounded.
The ice beast hits you. The ice beast freezes you!
There is a stone staircase leading down here.
Evoke which item? (* to show all) (? for menu, Esc to quit)
Okay, then.
You feel very mighty all of a sudden. The ice beast hits you.
The ice beast freezes you!
* * * LOW HITPOINT WARNING * * *
You closely miss the ice beast.
The ice beast is severely wounded.
The ice beast hits you.
* * * LOW HITPOINT WARNING * * *
The ice beast freezes you.
You die...

### ### ### #<#
#.############.# #.#
#...@Y.........# #.#
#.############.# #.# #.# #.#
#####.# #.# #.#
....#.#######'## #.#
###.#..........###########.##
.......).......>............#
..#.#..........##############
..#.#..........#


You could see an ice beast.

Vanquished Creatures
  An orc priest (D:3)
  2 adders (D:3)
  2 dart slugs
  A leopard gecko (D:1)
  A ball python (D:3)
  4 bats
  5 giant cockroaches
  9 hobgoblins
  6 jackals
  5 frilled lizards
  2 goblins (D:1)
  5 kobolds
  A rat zombie (D:2)
44 creatures vanquished.

Vanquished Creatures (others)
  2 orcs (D:3)
  A hobgoblin (D:3)
3 creatures vanquished.

Grand Total: 47 creatures vanquished

Notes
Turn   | Place    | Note
-------+----------+-------------------------------------------
     0 | D:1      | Lochraine the Hill Orc Fighter began the quest for the Orb.
     0 | D:1      | Reached XP level 1. HP: 19/19 MP: 1/1
   123 | D:1      | Reached XP level 2. HP: 16/27 MP: 2/2
  1025 | D:2      | Found an ancient bone altar of Kikubaaqudgha.
  1064 | D:2      | Reached XP level 3. HP: 30/33 MP: 3/3
  1173 | D:2      | Found a bloodstained altar of Trog.
  1641 | D:3      | Reached XP level 4. HP: 41/41 MP: 4/4
  1662 | D:3      | Became a worshipper of Beogh the Brigand
  1713 | D:3      | Noticed an ice beast
  1876 | D:3      | HP: 2/41 [ice beast (4)]
  1876 | D:3      | Slain by an ice beast

Skill      XL: |  1  2  3  4 |
---------------+-------------+-----
Fighting       | 4 |  4.9
Axes           | 3 4 |  4.2
Armour         | 4 |  4.1
Shields        | |  3.2

Action                   |  1- 3 |  4- 6 || total
-------------------------+-------+-------++-------
Melee: War axe           |   117 |    28 ||   145
Invok: Convert to Beogh  |       |     1 ||     1
Evoke: Wand              |       |     4 ||     4
  Use: Potion            |       |     1 ||     1
 Stab: Confused          |       |     2 ||     2
  Eat: Chunk             |     2 |     1 ||     3
Armor: Scale mail        |    48 |    13 ||    61
Dodge: Dodged            |    36 |     9 ||    45
Block: Shield            |    54 |    18 ||    72
